 Dungeon Crawl Stone Soup version 0.30.1-9-gdf580d7c3d (webtiles) character file.

Game seed: 1472179651091239257

2062 7w4c the Covert (level 9, 0/66 HPs)
             Began as a Vampire Brigand on Oct 19, 2023.
             Was an Initiate of Dithmenos.
             Slain by Duvessa
             ... wielding a +0 rapier
              (17 damage)
             ... on level 7 of the Dungeon on Oct 20, 2023.
             The game lasted 00:24:56 (6610 turns).

7w4c the Covert (Vampire Brigand)                   Turns: 6610, Time: 00:24:57

Health: 0/66       AC:  4    Str: 12    XL:     9   Next: 5%
Magic:  9/9        EV: 16    Int: 23    God:    Dithmenos [......]
Gold:   276        SH:  0    Dex: 22    Spells: 6/8 levels left

rFire   . . .        j - +4 dagger
rCold   + . .        (no shield)
rNeg    + . .        b - +0 robe
rPois   .            (no helmet)
rElec   +            c - +1 cloak
rCorr   .            (no gloves)
SInv    +            (no boots)
Will    +....        m - amulet "Hoda" {RegenMP rElec Regen+ Int+3}
Stlth   +++++        n - ring "Zias" {rC+ rN+ Will+ Str+2 Dex+3}
HPRegen 1.31/turn    F - +6 ring of intelligence
MPRegen 0.51/turn

%: no passive effects
@: healing quickly
A: alive, fangs 3, see invisible, vampiric 2
a: Exsanguinate, Renounce Religion


You were on level 7 of the Dungeon.
You worshipped Dithmenos.
Dithmenos was noncommittal.
You visited 1 branch of the dungeon, and saw 7 of its levels.

You collected 879 gold pieces.
You spent 603 gold pieces at shops.

Inventory:

Hand Weapons
 j - a +4 dagger (weapon)
Missiles
 d - 30 poisoned darts (quivered)
 e - 3 curare-tipped darts
 A - 2 atropa-tipped darts
Armour
 b - a +0 robe (worn)
 c - a +1 cloak (worn)
Jewellery
 m - the amulet "Hoda" (around neck) {RegenMP rElec Regen+ Int+3}
   (You bought it in a shop on level 4 of the Dungeon)

   [amulet of magic regeneration]

   It increases your rate of magic regeneration.
   Int:       It affects your intelligence (+3).
   rElec:     It insulates you from electricity.
   Regen:     It increases your rate of health regeneration.
 n - the ring "Zias" (left hand) {rC+ rN+ Will+ Str+2 Dex+3}
   (You found it on level 3 of the Dungeon)

   [ring of protection from cold]

   Str:       It affects your strength (+2).
   Dex:       It affects your dexterity (+3).
   rC:        It protects you from cold.
   rN:        It protects you from negative energy.
   Will:      It increases your willpower.
 F - a +6 ring of intelligence (right hand)
 G - a ring of protection from fire
Wands
 s - a wand of acid (9)
 w - a wand of roots (18)
 B - a wand of charming (6)
 C - a wand of digging (6)
Scrolls
 f - 2 scrolls of poison
 h - a scroll of teleportation
 k - a scroll of torment
 o - a scroll of enchant weapon {unknown}
 u - a scroll of immolation {unknown}
 y - a scroll of identify
 z - 4 scrolls of fog
 H - a scroll of silence {unknown}
Potions
 a - a potion of cancellation {unknown}
 g - 2 potions of curing
 i - 3 potions of flight
 l - 2 potions of brilliance
 p - 9 potions of degeneration
 q - 2 potions of heal wounds {unknown}
 r - a potion of attraction {unknown}
 t - a potion of resistance {unknown}
 v - a potion of magic {unknown}
 x - a potion of mutation {unknown}
 D - a potion of invisibility {unknown}
 E - 2 potions of might {unknown}


   Skills:
 + Level 4.6 Fighting
 + Level 7.1 Short Blades
 + Level 3.8 Throwing
 + Level 6.1 Dodging
 + Level 10.3 Stealth


You had 6 spell levels left.
You knew the following spells:

 Your Spells              Type           Power      Damage    Failure   Level
a - Ensorcelled Hibernat  Hex/Ice        0%         N/A       24%         2

Your spell library contained the following spells:

 Spells                   Type           Power      Damage    Failure   Level
 Freeze                   Ice            0%         1d3       16%         1
 Passwall                 Tmut/Erth      0%         N/A       24%         2
 Dazzling Flash           Conj/Hex       0%         N/A       43%         3
 Frozen Ramparts          Ice            0%         1d1       43%         3
 Hailstorm                Conj/Ice       0%         3d3       43%         3
 Swiftness                Air            0%         N/A       43%         3
 Volatile Blastmotes      Fire/Tloc      0%         2d10      43%         3
 Iskenderun's Mystic Bla  Conj/Tloc      0%         2d3       83%         4
 Starburst                Conj/Fire      0%         6d3       100%        6


Dungeon Overview and Level Annotations

Branches:
Dungeon (7/15)             Temple (0/1) D:5

Altars:
Ashenzari
Dithmenos
Gozag
Okawaru

Shops:
D:4 =   D:7 :

Portals:
Bailey: D:7

Annotations:
D:3 monsoonserge's ghost, amateur MeMo
D:6 2 transporters
D:7 Duvessa


Innate Abilities, Weirdness & Mutations

Your natural rate of healing is accelerated.
You have razor-sharp teeth.
You have supernaturally acute eyesight. (SInv)
You are afflicted with vampirism and can become a bat while bloodless.


Message History

You puncture Duvessa!
Duvessa is moderately wounded.
Duvessa hits you with a +0 rapier!
You hit Duvessa but do no damage.
Duvessa is moderately wounded.
Duvessa hits you with a +0 rapier!
You hit Duvessa but do no damage. You punch Duvessa.
Duvessa is moderately wounded.
Duvessa barely misses you.
You hit Duvessa but do no damage.
Duvessa is moderately wounded.
Duvessa closely misses you.
You hit Duvessa.
Duvessa is heavily wounded.
Duvessa barely misses you.
You hit Duvessa but do no damage.
Duvessa is heavily wounded.
Duvessa hits you with a +0 rapier!
You hit Duvessa. You bite Duvessa.
Duvessa is heavily wounded.
Duvessa hits you with a +0 rapier!
You hit Duvessa.
Duvessa is heavily wounded.
Duvessa hits you with a +0 rapier.
* * * LOW HITPOINT WARNING * * *
You feel better. Duvessa hits you with a +0 rapier!
* * * LOW HITPOINT WARNING * * *
You hit Duvessa.
Duvessa is severely wounded.
Duvessa hits you with a +0 rapier.
* * * LOW HITPOINT WARNING * * *
You closely miss Duvessa. Your bite misses Duvessa.
Duvessa is severely wounded.
Duvessa hits you with a +0 rapier!
* * * LOW HITPOINT WARNING * * *
You feel better. Duvessa barely misses you. Duvessa closely misses you.
You hit Duvessa but do no damage.
Duvessa is severely wounded.
Duvessa hits you with a +0 rapier!
You die...

##### #.########
....# #.# ###.#
####.##### #.#
#........# # #.#
#.[...##.# # #)#
#......# # #)#
#.....##.### ###.#
########...".......
....#
......e@..)..##.#.≈
#####
.#######)##.## # #
#.##.# # #..... #
####+##


You could see Duvessa (berserk).

Vanquished Creatures
  Grinder (D:4)
  Prince Ribbit (D:5)
  A sky beast (D:6)
  2 ice beasts
  A black bear (D:5)
  2 ogres
  A centaur (D:7)
  Blork the orc (D:6)
  2 scorpions
  Dowan (D:7)
  A howler monkey (D:6)
  5 hounds
  2 gnoll boudas (D:5)
  4 orc priests
  2 jellies
  5 orc wizards
  Robin (D:3)
  6 adders
  11 gnolls
  A shadow imp (D:3)
  A white imp (D:6)
  A worm (D:4)
  19 orcs
  4 ball pythons
  7 bats
  3 endoplasms
  3 giant cockroaches
  5 hobgoblins
  3 jackals
  5 frilled lizards
  17 goblins
  11 kobolds
  7 rats
137 creatures vanquished.

Notes
Turn   | Place    | Note
-------+----------+-------------------------------------------
     0 | D:1      | 7w4c the Vampire Brigand began the quest for the Orb.
     0 | D:1      | Reached XP level 1. HP: 16/16 MP: 1/1
    57 | D:1      | Reached skill level 6 in Stealth
   225 | D:1      | Reached XP level 2. HP: 17/22 MP: 2/2
  1052 | D:2      | Reached skill level 7 in Stealth
  1052 | D:2      | Gained mutation: You are afflicted with vampirism and can
                  | become a bat while bloodless. [Vampire growth]
  1052 | D:2      | Reached XP level 3. HP: 27/27 MP: 3/3
  1754 | D:2      | Reached XP level 4. HP: 33/33 MP: 4/4
  1784 | D:2      | Reached skill level 8 in Stealth
  1913 | D:3      | Identified the ring "Zias" {rC+ rN+ Will+ Str+2 Dex+3}
  1937 | D:3      | Found an opulent altar of Gozag.
  2025 | D:3      | Noticed Robin
  2027 | D:3      | Identified a scroll of acquirement
  2032 | D:3      | Acquired 502 gold pieces
  2099 | D:3      | Killed Robin
  2231 | D:3      | Found a transporter.
  2232 | D:3      | Noticed monsoonserge's ghost (amateur MeMo)
  2246 | D:3      | Found a transporter.
  2350 | D:3      | Reached XP level 5. HP: 32/38 MP: 5/5
  2648 | D:3      | Identified the +6 scale mail of the Game of Kings {rElec
                  | Str+2}
  3103 | D:4      | Found Miuclude's Jewellery Emporium.
  3280 | D:4      | Bought the amulet "Hoda" {RegenMP rElec Regen+ Int+3} for
                  | 603 gold pieces
  3421 | D:4      | Noticed an ogre
  3433 | D:4      | Killed an ogre
  3434 | D:4      | Reached XP level 6. HP: 25/46 MP: 6/6
  3561 | D:4      | Noticed Grinder
  3593 | D:4      | Killed Grinder
  3720 | D:4      | Found a broken altar of Ashenzari.
  4252 | D:5      | Entered Level 5 of the Dungeon
  4272 | D:5      | Reached XP level 7. HP: 52/52 MP: 7/7
  4313 | D:5      | Learned a level 2 spell: Ensorcelled Hibernation
  4336 | D:5      | Noticed Prince Ribbit
  4340 | D:5      | Killed Prince Ribbit
  4343 | D:5      | Reached skill level 5 in Dodging
  4399 | D:5      | Reached skill level 9 in Stealth
  4482 | D:5      | Found a shadowy altar of Dithmenos.
  4497 | D:5      | Became a worshipper of Dithmenos the Shadowed
  4731 | D:5      | Found an iron altar of Okawaru.
  4772 | D:5      | Reached skill level 5 in Short Blades
  4772 | D:5      | Reached XP level 8. HP: 60/60 MP: 8/8
  4991 | D:5      | Found a staircase to the Ecumenical Temple.
  5189 | D:6      | Found a transporter.
  5283 | D:6      | Noticed Blork the orc
  5344 | D:6      | Killed Blork the orc
  5508 | D:6      | Found a transporter.
  5902 | D:6      | Reached skill level 10 in Stealth
  6225 | D:7      | Reached XP level 9. HP: 55/66 MP: 9/9
  6306 | D:7      | Found Imais's Book Boutique.
  6431 | D:7      | Found a flagged portal.
  6574 | D:7      | Noticed Dowan
  6578 | D:7      | Noticed Duvessa
  6584 | D:7      | Killed Dowan
  6610 | D:7      | Slain by Duvessa

Illustrated notes

Levels and vault maps discovered:
D:1:      eino_arrival_cavern_b, layout_basic
D:2:      minmay_wonky_spiral, layout_basic
D:3:      minmay_octagon_keep, layout_loops_ring, mainiacjoe_overflow_boulevard,
          gammafunk_ghost_stat_death, chequers_decorated_corner, uniq_robin
D:4:      layout_gridville, lemuel_round_altar, serial_shops, shop, uniq_grinder
D:5:      layout_basic, okawaru_trees_1, mainiacjoe_overflow_tiny_flanked,
          minmay_temple_entry_purple_smoke, uniq_prince_ribbit1
D:6:      layout_basic, gammafunk_ghost_abyssal_escape, serial_rivers,
          chequers_serial_rivers_room_b, chequers_serial_rivers_small_a,
          chequers_serial_rivers_micro_a, chequers_serial_rivers_small_a,
          chequers_serial_rivers_large_b, kennysheep_small_circle,
          uniq_blork_the_orc
D:7:      layout_loops_corners, mainiacjoe_overflow_brackets, enter_bailey_7,
          serial_shops, shop, minivault_10, nicolae_shop_sticking_my_neck_out,
          uniq_pikel, uniq_duvessa, uniq_menkaure

Skill      XL: |  1  2  3  4  5  6  7  8 |
---------------+-------------------------+-----
Stealth        | 6 7 8 9 10 | 10.3
Fighting       | 2 3 4 |  4.6
Short Blades   | 3 4 5 7 |  7.1
Dodging        | 3 4 5 6 |  6.1
Throwing       | 2 3 |  3.8

Action                     |  1- 3 |  4- 6 |  7- 9 || total
---------------------------+-------+-------+-------++-------
  Melee: Dagger            |    80 |   150 |   280 ||   510
         Bite              |     4 |    15 |    44 ||    63
         Punch             |     1 |     1 |     4 ||     6
  Throw: Dart              |     2 |    37 |       ||    39
  Evoke: Wand              |       |       |     1 ||     1
    Use: Scroll            |     1 |    10 |     5 ||    16
         Potion            |       |     4 |     2 ||     6
   Stab: Sleeping          |    12 |     3 |    11 ||    26
 Armour: Robe              |    17 |    47 |    29 ||    93
         Skin              |       |    38 |       ||    38
  Dodge: Dodged            |    45 |   157 |   179 ||   381
